 Dungeon Crawl Stone Soup version 0.27-a0-124-g19cb506db8 (webtiles) character file.

Game seed: 13980564094438376300

18 tilp the Covert (level 2, -3/29 HPs)
             Began as a Gnoll Delver on Jan 26, 2021.
             Was an Initiate of Cheibriados.
             Killed from afar by a white imp (13 damage)
             ... with a puff of frost
             ... on level 2 of the Dungeon.
             The game lasted 00:02:23 (466 turns).

tilp the Covert (Gnoll Delver)                       Turns: 466, Time: 00:02:23

Health: -3/29      AC:  5    Str: 12    XL:     2   Next: 70%
Magic:  2/2        EV: 12    Int: 10    God:    Cheibriados [......]
Gold:   53         SH:  0    Dex: 14    Spells: 2/2 levels left

rFire    . . .     SeeInvis .   k - -1 war axe (curse)
rCold    . . .     Faith    .   (no shield)
rNeg     . . .     Spirit   .   l - +0 ring mail
rPois    .         Reflect  .   (no helmet)
rElec    .         Harm     .   (no cloak)
rCorr    .         Rampage  .   (no gloves)
Will     .....                  (no boots)
Stlth    ++++......             (no amulet)
HPRegen  0.09/turn              (no ring)
MPRegen  0.08/turn              (no ring)

@: very slow
A: distributed training, fangs 1, strong nose
a: Renounce Religion, Bend Time


You were on level 2 of the Dungeon.
You worshipped Cheibriados.
Cheibriados was noncommittal.
You visited 1 branch of the dungeon, and saw 4 of its levels.

You collected 53 gold pieces.

Inventory:

Hand Weapons
 a - a +0 mace
 h - a +0 war axe
 k - a cursed -1 war axe (weapon)
Missiles
 d - 4 atropa-tipped darts
 i - 17 stones (quivered)
Armour
 b - a +1 leather armour
 l - a +0 ring mail (worn)
Wands
 g - a wand of digging (3)
Scrolls
 c - 2 scrolls of fog
 m - a scroll of enchant armour
Potions
 f - a potion of haste
 j - a potion of attraction {unknown}
 n - a potion of lignification {unknown}


   Skills:
 + Level 6.5 Fighting
 + Level 0.5 Short Blades
 + Level 0.5 Long Blades
 + Level 0.5 Axes
 + Level 4.5 Maces & Flails
 + Level 0.5 Polearms
 + Level 0.5 Staves
 + Level 0.5 Slings
 + Level 0.5 Bows
 + Level 0.5 Crossbows
 + Level 0.5 Throwing
 + Level 0.5 Armour
 + Level 4.5 Dodging
 + Level 9.5 Stealth
 + Level 0.5 Shields
 + Level 0.5 Unarmed Combat
 + Level 0.5 Spellcasting
 + Level 0.3 Conjurations
 + Level 0.3 Hexes
 + Level 0.3 Summonings
 + Level 0.3 Necromancy
 + Level 0.3 Translocations
 + Level 0.3 Transmutations
 + Level 0.3 Fire Magic
 + Level 0.3 Ice Magic
 + Level 0.3 Air Magic
 + Level 0.3 Earth Magic
 + Level 0.3 Poison Magic
 + Level 0.6 Invocations
 + Level 0.5 Evocations


You had 2 spell levels left.
You didn't know any spells.
Your spell library was empty.

Dungeon Overview and Level Annotations

Branches:
Dungeon (5/15)
 Temple: D:4-7

Altars:
Cheibriados


Innate Abilities, Weirdness & Mutations

Your experience applies equally to all skills.
You have very sharp teeth.
Your uncanny sense of smell can sniff out nearby items.


Message History

You see here a goblin corpse.
You barely miss the white imp.
A rat comes into view.
The white imp barely misses you. The white imp gestures at you.
The puff of frost misses you.
You barely miss the white imp.
The white imp picks up a beetle and eats it.
The white imp hits you but does no damage.
You hit the white imp but do no damage.
You bite the white imp, but do no damage.
The white imp hits you but does no damage.
The white imp gestures at you. The puff of frost hits you.
* * * LOW HITPOINT WARNING * * *
Unknown command.
It was a potion of curing.
You feel better. The white imp gestures at you. The puff of frost hits you!
You die...

#..... ..g...
...B. .# #... .
... .# . #.###.#
.. ....######.#...
. ##
......†.@5r#.#
##..
##?.######..(##
... #....## .# ..
##..#..# #
..####....#....##
##
..........###...#
.##
................§
..######.
.....####.#####.
#.......#
###....###.#####..


You could see a white imp and a rat.

Vanquished Creatures
  A worm (D:2)
  2 bats (D:2)
  5 goblins (D:2)
  2 hobgoblins (D:2)
  A quokka (D:2)
  2 frilled lizards (D:2)
  2 kobolds (D:2)
15 creatures vanquished.

Notes
Turn   | Place    | Note
-------+----------+-------------------------------------------
     0 | D:5      | Reached skill level 9 in Stealth
     0 | D:5      | tilp the Gnoll Delver began the quest for the Orb.
     0 | D:5      | Reached XP level 1. HP: 23/23 MP: 1/1
     2 | D:5      | Noticed a hound
    41 | D:4      | Noticed an ogre
   265 | D:2      | Found a snail-covered altar of Cheibriados.
   275 | D:2      | Reached XP level 2. HP: 29/29 MP: 2/2
   278 | D:2      | Became a worshipper of Cheibriados the Contemplative
   465 | D:2      | HP: 1/29 [white imp/puff of frost (5)]
   466 | D:2      | Killed from afar by a white imp

Illustrated notes

Levels and vault maps discovered:
D:2:      layout_rooms, nicolae_overflow_crystal_walls,
          chequers_temple_overflow_minitemple, nzn_hepliaklqana_mist_gate,
          uniq_sigmund
D:3:      layout_basic, chequers_ecumenical_altar_grove, lemuel_angel_altar
D:4:      layout_loops_ring, grunt_dithmenos_smoke, lemuel_old_faithful
D:5:      layout_rooms, grunt_temple_overflow_forces_of_nature,
          lemuel_round_altar, serial_shops, kennysheep_mini_moat

Skill      XL: | |
---------------+-+-----
Stealth        | |  9.5
Fighting       | |  6.5
Short Blades   | |  0.5
Long Blades    | |  0.5
Axes           | |  0.5
Maces & Flails | |  4.5
Polearms       | |  0.5
Staves         | |  0.5
Slings         | |  0.5
Bows           | |  0.5
Crossbows      | |  0.5
Throwing       | |  0.5
Armour         | |  0.5
Dodging        | |  4.5
Shields        | |  0.5
Unarmed Combat | |  0.5
Spellcasting   | |  0.5
Conjurations   | |  0.3
Hexes          | |  0.3
Summonings     | |  0.3
Necromancy     | |  0.3
Translocations | |  0.3
Transmutations | |  0.3
Fire Magic     | |  0.3
Ice Magic      | |  0.3
Air Magic      | |  0.3
Earth Magic    | |  0.3
Poison Magic   | |  0.3
Invocations    | |  0.6
Evocations     | |  0.5

Action                   || total
-------------------------++-------
Melee: War axe           ||    36
       Bite              ||     5
  Use: Scroll            ||     4
       Potion            ||     1
 Stab: Sleeping          ||     5
Armor: Leather armour    ||    12
       Ring mail         ||     4
Dodge: Dodged            ||    30

Table legend: (Time is in decaauts)
 A = Elapsed time spent in this place.
 B = Non-inter-level travel time spent in this place.
 C = Inter-level travel time spent in this place.
 D = Time resting spent in this place.
 E = Time spent auto-exploring this place.
 F = Levels seen in this place.
 G = Mean time per level.
                   A        B        C        D        E       F      G
               +--------+--------+--------+--------+--------+-----+--------+
         Total |    525 |    502 |     23 |    103 |    140 |   4 |  131.2 |
       Dungeon |    525 |    502 |     23 |    103 |    140 |   4 |  131.2 |
               +--------+--------+--------+--------+--------+-----+--------+

Top non-repeatable levels by time:
     D:2: 423 daAuts
     D:4: 55 daAuts
     D:5: 31 daAuts
     D:3: 16 daAuts
